 Dungeon Crawl Stone Soup version 0.25.0-1-g7eea58d2a3 (webtiles) character file.

Game seed: 3843271535110449154

231 DeadF the Sneak (level 5, -6/21 HPs)
             Began as a Felid Enchanter on June 14, 2020.
             Mangled by an orc priest
             ... wielding a +0 flail
              (8 damage)
             ... on level 4 of the Dungeon.
             The game lasted 00:27:36 (6300 turns).

DeadF the Sneak (Felid Enchanter)                   Turns: 6300, Time: 00:27:36

Health: -6/21      AC:  2    Str:  4    XL:     5   Next: 73%
Magic:  10/10      EV: 22    Int: 16    God:
Gold:   28         SH:  0    Dex: 19    Spells: 3/9 levels left
                                        Lives:  0   Deaths: 1

rFire    . . .     SeeInvis +     - Unarmed
rCold    . . .     Gourm    .   (shield unavailable)
rNeg     . . .     Faith    .   (armour unavailable)
rPois    +         Spirit   .   (helmet unavailable)
rElec    .         Reflect  .   (cloak unavailable)
rCorr    .         Harm     .   (gloves unavailable)
MR       .....                  (boots unavailable)
Stlth    ++++......             (no amulet)
HPRegen  0.07/turn              d - ring of poison resistance
MPRegen  0.12/turn              (no ring)

@: quick
A: very small, no armour, no weapons or thrown items, stealth, claws 1, fangs 3,
see invisible, carnivore, speed 1, shaggy fur 2, slow metabolism 1, sharp paws
a: no special abilities


You were on level 4 of the Dungeon.
You were not hungry.

You visited 1 branch of the dungeon, and saw 5 of its levels.

You collected 67 gold pieces.
You spent 39 gold pieces at shops.

Inventory:

Jewellery
 d - a ring of poison resistance (left paw)
Scrolls
 e - 4 scrolls of identify
 g - a scroll of random uselessness {unknown}
 i - a scroll of remove curse {unknown}
 m - 2 scrolls of teleportation {unknown}
Potions
 c - a potion of flight
 h - a potion of magic
Comestibles
 b - 8 rations


   Skills:
 + Level 5.7 Dodging
 + Level 7.6 Stealth
 + Level 2.1 Unarmed Combat
 + Level 2.7 Spellcasting
 + Level 5.1 Hexes
 + Level 0.8 Ice Magic


You had 3 spell levels left.
You knew the following spells:

 Your Spells              Type           Power        Failure   Level  Hunger
a - Corona                Hex            ###....      2%          1    #......
b - Ensorcelled Hibernat  Hex/Ice        ##....       9%          2    ##.....
c - Confusing Touch       Hex            ###.....     7%          3    ###....

Your spell library contained the following spells:

 Spells                   Type           Power        Failure   Level  Hunger
 Tukima's Dance           Hex            ###.....     7%          3    ###....
 Dazzling Flash           Conj/Hex       ##....       21%         3    ###....


Dungeon Overview and Level Annotations

Branches:
Dungeon (5/15)
 Temple: D:4-7

Altars:
Gozag

Shops:
D:4 !


Innate Abilities, Weirdness & Mutations

You cannot wear armour.
You are incapable of wielding weapons or throwing items.
Your paws allow you to move quietly. (Stealth)
You have sharp claws.
You have razor-sharp teeth.
You have supernaturally acute eyesight. (SInv)
You are carnivorous and can eat meat at any time.
You cover ground quickly.
You are covered in thick fur. (AC +2)
You have a slow metabolism.
Your sharp claws are effective at attacking unaware monsters.


Message History

There are monsters nearby!
The orc priest invokes the aid of Beogh against you.
Beogh smites you!
The orc shouts!
The orc priest closely misses you.
The orc priest mumbles some strange prayers to Beogh against you.
Pain shoots through your body!
The orc priest mumbles some strange prayers to Beogh against you.
You struggle to resist.
The orc closely misses you.
The orc priest invokes the aid of Beogh against you.
Pain shoots through your body!
* * * LOW HITPOINT WARNING * * *
The orc completely misses you. The orc priest barely misses you.
The orc closely misses you. The orc priest misses you. The orc misses you.
The orc priest completely misses you. The orc misses you.
The orc priest looks encouraged for a moment.
The orc closely misses you.
The orc priest hits you with a +0 flail!
You die...

#.....#....###..#...##
###......#........##8.#
##.##...###....o.####<.##
##.....#.........r#.8.∩.8.
#....o##......##..#.......
##.....#.###....#.#...8...
##...##.#####............
###...oo.##.....##....##
#..#.@......##.......#
####..[..........P..P....
#..........P....♣♣♣..P...
#.......#..♣...♣≈♣≈≈o.P.<
#.....###...P.P≈≈≈≈♣≈....
###...##...#P...≈≈≈≈≈≈...
#...###..##P..♣≈♣≈≈≈...
########.# #P..♣≈♣≈P...
#...# #.♣..P......


You could see an orc priest and an orc.

Vanquished Creatures
  A crimson imp (D:5)
  3 orc priests
  A bullfrog skeleton (D:4)
  Terence (D:3)
  3 orc wizards (D:4)
  2 worker ants (D:4)
  5 adders
  An adder zombie (D:5)
  2 worms
  4 dart slugs
  2 leopard geckos
  9 orcs
  4 giant cockroaches
  9 goblins
  7 hobgoblins
  3 jackals (D:2)
  8 kobolds
  3 quokkas
  A ball python (D:4)
  6 bats
  3 frilled lizards
  A quokka skeleton (D:4)
  6 rats
85 creatures vanquished.

Notes
Turn   | Place    | Note
-------+----------+-------------------------------------------
     0 | D:1      | DeadF the Felid Enchanter began the quest for the Orb.
     0 | D:1      | Reached XP level 1. HP: 7/7 MP: 4/4
   391 | D:1      | Reached XP level 2. HP: 11/11 MP: 6/6
   402 | D:1      | Learned a level 2 spell: Ensorcelled Hibernation
  1368 | D:2      | Reached skill level 5 in Stealth
  1368 | D:2      | Reached XP level 3. HP: 14/14 MP: 7/7
  2311 | D:2      | Reached XP level 4. HP: 18/18 MP: 8/8
  2441 | D:2      | Reached skill level 6 in Stealth
  2505 | D:2      | Found a faded altar of an unknown god.
  2823 | D:2      | Reached skill level 5 in Dodging
  3205 | D:3      | Noticed Terence
  3331 | D:4      | Reached XP level 5. HP: 16/21 MP: 0/9
  3844 | D:3      | Killed Terence
  3997 | D:4      | Found Poabemirgh's Distillery.
  4005 | D:4      | Bought a potion of curing for 39 gold pieces
  4376 | D:3      | Reached skill level 7 in Stealth
  4646 | D:4      | Gained mutation: You are covered in thick fur. (AC +2)
                  | [Felid growth]
  4646 | D:4      | Reached XP level 6. HP: 14/24 MP: 3/10
  5584 | D:5      | Entered Level 5 of the Dungeon
  5587 | D:5      | Reached skill level 5 in Hexes
  5700 | D:5      | Found an opulent altar of Gozag.
  5992 | D:4      | Learned a level 3 spell: Confusing Touch
  6272 | D:4      | Killed from afar by an orc priest
  6273 | D:4      | Reached XP level 5. HP: -1/21 MP: 10/10
  6300 | D:4      | Mangled by an orc priest

Illustrated notes

Levels and vault maps discovered:
D:1:      lightli_arrival_noodles, layout_loops_cross
D:2:      layout_rooms, chequers_ecumenical_altar_grove
D:3:      layout_rooms, first_ration, uniq_terence
D:4:      layout_cave_pools, serial_shops, nicolae_shop_statue_plus,
          corexii_shack, serial_bayou_pond_a, st_stairs_4
D:5:      wad_river_or_something, layout_rooms, old_standard_altar,
          uniq_sigmund, uniq_edmund

Skill      XL: |  1  2  3  4  5  6 |
---------------+-------------------+-----
Dodging        | 3 4 5 |  5.7
Stealth        | 5 6 7 |  7.6
Unarmed Combat | 2 |  2.1
Hexes          | 5 |  5.1
Spellcasting   | |  2.7
Ice Magic      | |  0.8

Action                   |  1- 3 |  4- 6 || total
-------------------------+-------+-------++-------
Melee: Unarmed           |   105 |   106 ||   211
       Bite              |     7 |     4 ||    11
       Punch             |     1 |       ||     1
 Cast: Corona            |     3 |     5 ||     8
       Ensorcelled Hiber |    17 |    62 ||    79
  Use: Scroll            |       |     6 ||     6
       Potion            |       |     4 ||     4
 Stab: Sleeping          |    22 |    36 ||    58
  Eat: Chunk             |    11 |    10 ||    21
Armor: Skin              |     7 |     7 ||    14
Dodge: Dodged            |    91 |   153 ||   244
